 Dungeon Crawl Stone Soup version 0.30-a0-840-ga523dec638 (webtiles) character file.

Game seed: 14267522098622037916

107 Demosthentine the Poker (level 4, -1/34 HPs)
             Began as a Demonspawn Gladiator on Mar 2, 2023.
             Slain by Ijyb
             ... wielding a +0 dagger
              (4 damage)
             ... on level 3 of the Dungeon.
             The game lasted 00:02:17 (2081 turns).

Demosthentine the Poker (Demonspawn Gladiator)      Turns: 2081, Time: 00:02:18

Health: -1/34      AC:  3    Str: 15    XL:     4   Next: 57%
Magic:  4/4        EV: 13    Int:  9    God:
Gold:   86         SH:  0    Dex: 16    Spells: 3/3 levels left

rFire   . . .      SeeInvis .    a - +0 trident
rCold   . . .      Faith    .    (no shield)
rNeg    . . .      Spirit   .    b - +0 leather armour
rPois   .          Reflect  .    (helmet restricted)
rElec   .          Harm     .    (no cloak)
rCorr   .          Rampage  .    (no gloves)
Will    .....                    (no boots)
Stlth   +                        (no amulet)
HPRegen 0.25/turn                (no ring)
MPRegen 0.09/turn                (no ring)

@: hasted, very quick
A: antennae 1, foul stench 1
a: no special abilities


You were on level 3 of the Dungeon.
You visited 1 branch of the dungeon, and saw 3 of its levels.

You collected 86 gold pieces.

Inventory:

Hand Weapons
 a - a +0 trident (weapon)
Missiles
 d - a throwing net (quivered)
 e - a javelin
Armour
 b - a +0 leather armour (worn)
 j - +0 fire dragon scales
Scrolls
 f - 3 scrolls of teleportation
Potions
 g - a potion of invisibility
 i - a potion of haste
 l - 2 potions of brilliance {unknown}
 m - a potion of mutation {unknown}


   Skills:
 + Level 2.9 Fighting
 + Level 3.4 Polearms
 - Level 1.7 Throwing
 + Level 1.7 Armour
 + Level 3.3 Dodging


You had 3 spell levels left.
You didn't know any spells.
Your spell library was empty.

Dungeon Overview and Level Annotations

Branches:
Dungeon (3/15)

Altars:

Annotations:
D:3 Ijyb


Innate Abilities, Weirdness & Mutations

You have a pair of small antennae on your head.
You may rarely emit foul miasma when damaged in melee.


Message History

You are too injured to fight recklessly!
You are too injured to fight recklessly!
Throw: 3 throwing nets
Press: ? - help, Q - select action, (/) - cycle Shift-Dir - straight line, f - Ijyb
Aim: Ijyb, wielding a +0 dagger, wearing a +0 leather armour and carrying a wand of light (2) (53% to hit)
You throw a throwing net. The throwing net misses Ijyb.
Ijyb hits you with a +0 dagger.
* * * LOW HITPOINT WARNING * * *
Unknown command.
Throw: 2 throwing nets
Press: ? - help, Q - select action, (/) - cycle Shift-Dir - straight line, f/p - Ijyb
Aim: Ijyb, wielding a +0 dagger, wearing a +0 leather armour and carrying a wand of light (2) (53% to hit)
You throw a throwing net. The throwing net barely misses Ijyb.
Unknown command.
It was a potion of heal wounds.
You feel much better.
Ijyb zaps a wand.
The bolt of light hits you!
You barely miss Ijyb.
Ijyb zaps a wand.
The bolt of light misses you.
The now-empty wand crumbles to dust.
Ijyb hits you with a +0 dagger.
You closely miss Ijyb. Ijyb hits you with a +0 dagger.
You closely miss Ijyb. Ijyb hits you with a +0 dagger.
A hobgoblin comes into view.
You closely miss Ijyb.
The hobgoblin shouts!
Ijyb hits you with a +0 dagger.
* * * LOW HITPOINT WARNING * * *
Press: ? - help, v - describe, . - travel
Here: Ijyb, wielding a +0 dagger and wearing a +0 leather armour The floor.
Unknown command.
Unknown command.
You barely miss Ijyb. Ijyb hits you with a +0 dagger.
* * * LOW HITPOINT WARNING * * *
You hit Ijyb.
Ijyb is lightly wounded.
Ijyb hits you with a +0 dagger.
* * * LOW HITPOINT WARNING * * *
It was a potion of haste.
You feel yourself speed up. Ijyb screams, "I dance on your bones!"
Ijyb hits you with a +0 dagger.
You die...

...............
...............
...............
#..............
#..............
#............
##....<.......
##.$....>......
.......@.......
.......gg......
..###.....#....
. ###........
#?##..##. #.#
.... ..# .#...
.(. ...


You could see Ijyb and a hobgoblin.

Vanquished Creatures
  Terence (D:2)
  An adder (D:2)
  A worm (D:2)
  A dart slug (D:2)
  6 ball pythons
  7 endoplasms
  4 giant cockroaches
  5 hobgoblins
  7 jackals
  A quokka (D:1)
  9 bats
  2 frilled lizards
  4 goblins
  7 kobolds
  3 rats
59 creatures vanquished.

Notes
Turn   | Place    | Note
-------+----------+-------------------------------------------
     0 | D:1      | Demosthentine the Demonspawn Gladiator began the quest for
                  | the Orb.
     0 | D:1      | Reached XP level 1. HP: 16/16 MP: 1/1
   200 | D:1      | Gained mutation: You may rarely emit foul miasma when
                  | damaged in melee. [demonic ancestry]
   200 | D:1      | Reached XP level 2. HP: 21/22 MP: 2/2
   548 | D:1      | Reached skill level 1 in Armour
   568 | D:1      | Reached XP level 3. HP: 28/28 MP: 3/3
  1260 | D:2      | Noticed Terence
  1277 | D:2      | Killed Terence
  1278 | D:2      | Gained mutation: You have a pair of small antennae on your
                  | head. [demonic ancestry]
  1278 | D:2      | Reached XP level 4. HP: 11/34 MP: 4/4
  2068 | D:3      | Noticed Ijyb
  2081 | D:3      | Slain by Ijyb

Illustrated notes

Levels and vault maps discovered:
D:1:      shiori_arrival_elements, layout_basic, kennysheep_decorative_pillar,
          minmay_pentomino_s2
D:2:      minmay_chambers_of_twos, layout_basic, kennysheep_boxes, uniq_terence
D:3:      layout_rooms, chequers_ecumenical_altar_simple,
          gammafunk_ghost_stat_death, minmay_puff, uniq_ijyb, uniq_grinder

Skill      XL: |  1  2 |
---------------+-------+-----
Polearms       | 3 |  3.4
Dodging        | 3 |  3.3
Armour         | 1 |  1.7
Fighting       | |  2.9
Throwing       | |  1.7

Action                     |  1- 3 |  4- 6 || total
---------------------------+-------+-------++-------
  Melee: Trident           |   147 |    59 ||   206
  Throw: Throwing net      |       |     2 ||     2
    Use: Scroll            |     4 |     2 ||     6
         Potion            |       |     2 ||     2
   Stab: Sleeping          |     2 |       ||     2
 Armour: Leather armour    |    38 |     7 ||    45
  Dodge: Dodged            |   103 |    22 ||   125

Table legend: (Time is in decaauts)
 A = Elapsed time spent in this place.
 B = Non-inter-level travel time spent in this place.
 C = Inter-level travel time spent in this place.
 D = Time resting spent in this place.
 E = Time spent auto-exploring this place.
 F = Levels seen in this place.
 G = Mean time per level.
                   A        B        C        D        E       F      G
               +--------+--------+--------+--------+--------+-----+--------+
         Total |   2111 |   2009 |    102 |     82 |   1484 |   3 |  703.7 |
       Dungeon |   2111 |   2009 |    102 |     82 |   1484 |   3 |  703.7 |
               +--------+--------+--------+--------+--------+-----+--------+

Top non-repeatable levels by time:
     D:1: 1202 daAuts
     D:2: 895 daAuts
     D:3: 13 daAuts
